 Dungeon Crawl Stone Soup version 0.20-a0-1118-g35a2cd3 (webtiles) character file.

10419 TheGoonsmith the Basher (level 11, -1/77 HPs)
             Began as a Demonspawn Gladiator on May 9, 2017.
             Was an Elder of Wu Jian.
             Slain by a wyvern (7 damage)
             ... on level 1 of the Lair of Beasts.
             The game lasted 00:21:23 (10995 turns).

TheGoonsmith the Basher (Demonspawn Gladiator)     Turns: 10995, Time: 00:21:24

Health: -1/77      AC: 17    Str: 19    XL:     11   Next: 35%
Magic:  0/17       EV:  8    Int: 15    God:    Wu Jian [****..]
Gold:   164        SH:  0    Dex: 14    Spells: 10/10 levels left

rFire    . . .     SeeInvis .   y - +1 dire flail of Paper {freeze, *Slow Int+6} (curse)
rCold    . . .     Gourm    .   (shield currently unavailable)
rNeg     . . .     Faith    .   x - +0 plate armour
rPois    +         Spirit   +   (helmet restricted)
rElec    .         Reflect  .   J - scarf {Spirit}
rCorr    .         Harm     .   L - +1 pair of gloves
MR       .....                  (no boots)
Stlth    ..........             p - amulet of rage
Regen    0.3/turn               h - ring of poison resistance
MPRegen  0.2/turn               (no ring)

@: no status effects
A: horns 2, icy blue scales 2, foul stench 1, rot immunity
a: Serpent's Lash, Renounce Religion, Evoke Berserk Rage


You were on level 1 of the Lair of Beasts.
You worshipped Wu Jian.
Wu Jian was greatly pleased with you.
You were not hungry.

You visited 3 branches of the dungeon, and saw 12 of its levels.

You collected 335 gold pieces.
You spent 171 gold pieces at shops.

Inventory:

Hand Weapons
 a - a +1 flail
 b - a +0 blowgun
 y - the cursed +1 dire flail of Paper (weapon) {freeze, *Slow Int+6}
   (You bought it in a shop on level 5 of the Dungeon)

   It has been specially enchanted to freeze those struck by it, causing extra
   injury to most foes and up to half again as much damage against particularly
   susceptible opponents.
   It can also slow down cold-blooded creatures.
   It affects your intelligence (+6).
   It may slow you when you take damage.
   It has a curse placed upon it.
Missiles
 d - 3 throwing nets (quivered)
 n - 2 curare-tipped needles
 s - 71 poisoned needles
Armour
 c - a +0 chain mail
 g - a +0 leather armour
 j - a +0 scale mail
 k - a +0 scale mail
 x - a +0 plate armour (worn)
 J - a scarf of spirit shield (worn)
 L - a +1 pair of gloves (worn)
Jewellery
 h - a ring of poison resistance (left hand)
 p - an amulet of rage (around neck)
 H - an uncursed ring of ice
Wands
 o - a wand of paralysis (19/24)
 z - a wand of polymorph (18/24)
 C - a wand of flame (11/48)
 F - a wand of confusion (9/48)
 G - a wand of polymorph (11/24)
Scrolls
 i - 2 scrolls of enchant weapon
 q - 2 scrolls of remove curse
 r - a scroll of identify
 u - 2 scrolls of teleportation
 M - a scroll of amnesia
Potions
 e - 13 potions of curing
 m - a potion of resistance {unknown}
 t - 3 potions of brilliance
 v - a potion of cancellation {unknown}
 D - a potion of lignification {unknown}
 E - a potion of haste {unknown}
 I - 2 potions of heal wounds {unknown}
 K - a potion of agility {unknown}
 N - a potion of magic {unknown}
Books
 A - a book of Necromancy

   Spells                             Type                      Level
   a - Pain                           Necromancy                   1
   b - Animate Skeleton               Necromancy                   1
   c - Vampiric Draining              Necromancy                   3
   d - Regeneration                   Charms/Necromancy            3
   e - Animate Dead                   Necromancy                   4
   f - Control Undead                 Necromancy                   4
Comestibles
 f - 12 bread rations
 l - 6 meat rations
 w - 2 royal jellies
 B - 2 fruits
 O - 3 chunks of flesh


   Skills:
 - Level 4.0 Fighting
 + Level 12.7 Maces & Flails
 - Level 1.7 Throwing
 - Level 4.5 Armour
 - Level 5.0 Dodging
 - Level 8.4 Evocations


You had 10 spell levels left.
You didn't know any spells.

Dungeon Overview and Level Annotations

Branches:
Dungeon (10/15)            Temple (1/1) D:4            Lair (1/6) D:8
    Orc: D:9-12

Altars:
Ashenzari
Cheibriados
Dithmenos
Elyvilon
Fedhas
Gozag
Hepliaklqana
Nemelex Xobeh
Qazlal
Ru
Sif Muna
Trog
Uskayaw
Vehumet
Wu Jian
Xom
Yredelemnul
Zin
The Shining One

Shops:
D:5 (   D:9 :


Innate Abilities, Weirdness & Mutations

You have a pair of horns on your head.
You are mostly covered in icy blue scales. (AC +3)
You may emit foul miasma when damaged in melee.
You are immune to rotting.


Message History

Where to? (Enter - Lair:1, ? - help) Eating one of 5 chunks of flesh.
You eat one of the 5 chunks of flesh.
This raw flesh tastes terrible.
You are feeling hungry.
Eating one of 4 chunks of flesh.
You eat one of the 4 chunks of flesh.
This raw flesh tastes terrible.
A wyvern comes into view.
The wyvern hisses angrily.
The wyvern moves out of view.
The wyvern is too close now for your liking.
You are too injured to fight recklessly!
The wyvern bites you but does no damage.
Your plate armour prevents you from hitting the wyvern.
The wyvern bites you.
* * * LOW HITPOINT WARNING * * *
The wyvern looks sick.
You impale the wyvern!! You freeze the wyvern.
The wyvern is severely wounded.
The wyvern bites you!
You die...

..# ##...........P# ...
#...#.......P# ....
....#.......## ....#
.............####
..................#.#
... #.###............
#.##.##.##....#.....
.#####l.................
.......@................
.........###.#....#.....
.8...#......###...#.....
..................#....
.....#.รท....##.........
.##.#.......##.........
##.........#....P....
..#.......#..........
8...........#.....P....


You could see a wyvern.

Vanquished Creatures
  2 two-headed ogres
  An ugly thing (D:10)
  An elephant (D:8)
  A komodo dragon (Lair:1)
  2 trolls (D:9)
  A hippogriff (D:7)
  The ghost of Sergey the Ogre Mage, an amateur OgWr (D:6)
  A wyvern (Lair:1)
  A vampire (D:9)
  5 yaks
  Eustachio (D:4)
  4 hogs (D:7)
  A human (D:7)
  Grum (D:8)
  2 basilisks (D:8)
  A hungry ghost (D:8)
  3 water moccasins
  2 sky beasts
  7 orc warriors
  An ice beast (D:7)
  2 phantoms
  A black bear (D:9)
  5 ogres
  2 wolves (D:8)
  2 centaurs
  A necrophage (D:4)
  Blork the orc (D:6)
  A big kobold (D:8)
  3 bullfrogs
  2 gnoll sergeants (D:7)
  2 wyvern skeletons
  A scorpion (D:5)
  12 killer bees
  A wight (D:7)
  A howler monkey (D:8)
  2 bullfrog zombies
  A centaur zombie (D:6)
  3 crimson imps
  3 hounds
  4 jellies
  2 centaur skeletons
  6 orc priests
  An iguana (D:5)
  9 worker ants
  9 orc wizards
  2 howler monkey zombies
  A worker ant zombie (D:5)
  3 gnolls (D:5)
  14 adders
  2 adder skeletons
  3 worms
  5 dart slugs
  2 leopard geckos
  34 orcs
  A ball python (D:2)
  7 bats
  6 giant cockroaches
  13 goblins
  14 hobgoblins
  14 jackals
  15 kobolds
  3 quokkas
  A ball python skeleton (D:4)
  A ball python zombie (D:5)
  6 frilled lizards
  A jackal skeleton (D:8)
  A quokka skeleton (D:5)
  7 rats
272 creatures vanquished.

Vanquished Creatures (others)
  A fungus (D:6)
1 creature vanquished.

Grand Total: 273 creatures vanquished

Notes
Turn   | Place    | Note
-------+----------+-------------------------------------------
     0 | D:1      | TheGoonsmith the Demonspawn Gladiator began the quest for the Orb.
     0 | D:1      | Reached XP level 1. HP: 16/16 MP: 1/1
   109 | D:1      | Reached skill level 3 in Maces & Flails
   219 | D:1      | Gained mutation: You have a pair of small horns on your head. [demonic ancestry]
   219 | D:1      | Reached XP level 2. HP: 22/22 MP: 2/2
   662 | D:1      | Reached XP level 3. HP: 18/27 MP: 3/3
   871 | D:2      | Reached skill level 4 in Maces & Flails
  1382 | D:1      | Reached XP level 4. HP: 26/33 MP: 4/4
  1759 | D:2      | Found a blossoming altar of Fedhas.
  2022 | D:3      | Reached skill level 5 in Maces & Flails
  2122 | D:3      | Gained mutation: You are partially covered in icy blue scales. (AC +2) [demonic ancestry]
  2122 | D:3      | Reached XP level 5. HP: 32/38 MP: 5/5
  2364 | D:4      | Noticed a centaur
  2381 | D:4      | Killed a centaur
  2381 | D:4      | Reached skill level 6 in Maces & Flails
  2766 | D:4      | Noticed a necrophage
  2843 | D:4      | Reached XP level 6. HP: 42/44 MP: 6/6
  2954 | D:4      | Reached skill level 7 in Maces & Flails
  3015 | D:4      | Gained mutation: You are immune to rotting. [demonic ancestry]
  3015 | D:4      | Reached XP level 7. HP: 34/50 MP: 7/7
  3258 | D:4      | Found a staircase to the Ecumenical Temple.
  3284 | Temple   | Entered the Ecumenical Temple
  3315 | Temple   | Became a worshipper of the Wu Jian Council
  3606 | D:4      | Noticed Eustachio
  3624 | D:4      | Killed Eustachio
  3624 | D:4      | Reached skill level 8 in Maces & Flails
  3958 | D:5      | Entered Level 5 of the Dungeon
  4194 | D:5      | Found Boneffeh's Antique Weapon Boutique.
  4528 | D:5      | Gained mutation: You may emit foul miasma when damaged in melee. [demonic ancestry]
  4528 | D:5      | Reached XP level 8. HP: 51/59 MP: 8/8
  4613 | D:5      | Reached * piety under Wu Jian
  4763 | D:6      | Noticed Blork the orc
  4775 | D:6      | Killed Blork the orc
  4803 | D:6      | Noticed Sergey's ghost (amateur OgWr)
  5218 | D:6      | Reached skill level 5 in Dodging
  5295 | D:5      | Reached skill level 1 in Armour
  5864 | D:6      | Found a sacrificial altar of Ru.
  5880 | D:6      | Killed Sergey's ghost
  5880 | D:6      | Gained mutation: You are mostly covered in icy blue scales. (AC +3) [demonic ancestry]
  5880 | D:6      | Reached XP level 9. HP: 51/65 MP: 9/9
  6261 | D:7      | Found a hazy altar of Hepliaklqana.
  6289 | D:7      | Reached skill level 9 in Maces & Flails
  6501 | D:6      | Reached ** piety under Wu Jian
  6789 | D:7      | Reached skill level 10 in Maces & Flails
  7184 | D:5      | Bought an ichor-stained dire flail for 171 gold pieces
  7184 | D:5      | Identified the cursed +1 dire flail of Paper {freeze, *Slow Int+6} (You bought it in a shop on level 5 of the Dungeon)
  7491 | D:7      | Reached skill level 5 in Evocations
  7700 | D:7      | Noticed a two-headed ogre
  7708 | D:7      | Killed a two-headed ogre
  7708 | D:7      | Gained mutation: You have a pair of horns on your head. [demonic ancestry]
  7708 | D:7      | Reached XP level 10. HP: 50/71 MP: 1/15
  8041 | D:8      | Noticed an elephant
  8042 | D:8      | Found a staircase to the Lair.
  8075 | D:8      | Killed an elephant
  8482 | D:8      | Noticed Grum
  8495 | D:8      | Killed Grum
  9337 | D:8      | Noticed a two-headed ogre
  9345 | D:8      | Killed a two-headed ogre
  9345 | D:8      | Reached skill level 11 in Maces & Flails
  9480 | D:9      | Reached *** piety under Wu Jian
  9684 | D:9      | Reached XP level 11. HP: 67/77 MP: 15/17
  9695 | D:9      | Found Pynix's Book Shop.
  9949 | D:9      | Reached skill level 12 in Maces & Flails
 10214 | D:10     | Entered Level 10 of the Dungeon
 10263 | D:10     | Reached **** piety under Wu Jian
 10318 | D:10     | Noticed a brown ugly thing
 10335 | D:10     | Killed a brown ugly thing
 10809 | Lair:1   | Entered Level 1 of the Lair of Beasts
 10995 | Lair:1   | Slain by a wyvern

Vault maps used:
D:1:      evilmike_arrival_run_for_it, st_stairs_3
D:2:      fedhas_altar_4
D:4:      corexii_shack_village, minmay_temple_entry_butterflies, uniq_eustachio
D:5:      first_bread, serial_shops, shop, lemuel_flame_loot_1
D:6:      nicolae_ru_the_path_less_chosen, uniq_blork_the_orc
D:7:      basic_altar, grunt_livestock, sword_in_stone
D:8:      david_lair_generic, uniq_grum
D:9:      serial_shops, shop
Temple:   nicolae_temple_the_god_donut
Lair:1:   grunt_megastairs_3, infiniplex_staircase_pool

Skill      XL: |  1  2  3  4  5  6  7  8  9 10 11 |
---------------+----------------------------------+-----
Maces & Flails | 3 4 5 6 7 8 10 11 12 | 12.7
Fighting       | 3 4 |  4.0
Dodging        | 5 |  5.0
Armour         | 4 |  4.5
Evocations     | 6 8 |  8.4
Throwing       | |  1.7

Action                   |  1- 3 |  4- 6 |  7- 9 | 10-12 || total
-------------------------+-------+-------+-------+-------++-------
Melee: Flail             |   129 |   148 |   399 |       ||   676
       Headbutt          |    14 |    30 |   105 |    76 ||   225
       Dire flail        |       |       |    57 |   381 ||   438
  Use: Potion            |       |     2 |       |       ||     2
       Scroll            |       |     4 |     6 |     1 ||    11
  Eat: Chunk             |     1 |     4 |    10 |     9 ||    24
       Meat ration       |       |     1 |       |       ||     1
       Royal jelly       |       |       |     1 |     3 ||     4
Armor: Leather armour    |     5 |       |       |       ||     5
       Scale mail        |    76 |    88 |    94 |       ||   258
       Plate armour      |       |       |   124 |   255 ||   379
Dodge: Dodged            |   109 |   116 |   205 |   115 ||   545
